 Dungeon Crawl Stone Soup version 0.17-a0-1368-g6ab37f2 (webtiles) character file.

262 Hanyuu the Insei (level 6, 30/38 HPs)
             Began as an Octopode Transmuter on June 12, 2015.
             Was an Initiate of Yredelemnul.
             Quit the game on level 2 of the Dungeon.
             The game lasted 00:07:11 (2206 turns).

Hanyuu the Insei (Octopode Transmuter)              Turns: 2206, Time: 00:07:11

Health: 30/38      AC:  1    Str:  9    XL:     6   Next: 18%
Magic:  9/9        EV: 12    Int: 17    God:    Yredelemnul [......]
Gold:   41         SH:  0    Dex: 13    Spells: 3 memorised, 3 levels left

rFire  . . .     SeeInvis .       - Unarmed
rCold  . . .     Clarity  .     (no shield)
rNeg   . . .     SustAt   .     (helmet restricted)
rPois  .         Gourm    .     (no amulet)
rElec  .         Spirit   .     (no ring)
rCorr  .         Warding  .     (no ring)
rMut   .         Stasis   .     (no ring)
MR     .....                    (no ring)
Stlth  ++........               (no ring)
                                (no ring)
                                (no ring)
                                (no ring)

@: not resistant to hostile enchantments, unstealthy
A: almost no armour, amphibious, 8 rings, constrict 8, camouflage 1, gelatinous
body 1
a: Renounce Religion


You were on level 2 of the Dungeon.
You worshipped Yredelemnul.
Yredelemnul was noncommittal.
You were not hungry.

You visited 1 branch of the dungeon, and saw 2 of its levels.

You collected 41 gold pieces.

Inventory:

Missiles
 a - 13 arrows of frost
 b - 6 arrows
Magical devices
 o - a wand of slowing (3)
Scrolls
 d - a scroll of noise {unknown}
 g - a scroll of enchant armour {unknown}
 i - 2 scrolls of identify {unknown}
 q - a scroll of recharging {unknown}
 s - a scroll of remove curse {unknown}
Potions
 f - a potion of degeneration {unknown}
 h - a potion of invisibility {unknown}
 j - a potion of haste {unknown}
 l - a potion of flight {unknown}
 m - 2 potions of curing {unknown}
 n - a potion of heal wounds {unknown}
 p - a potion of might {unknown}
 t - a potion of agility {unknown}
Books
 e - a book of Changes

   Spells                             Type                      Level
   a - Beastly Appendage              Transmutation                1
   b - Sticks to Snakes               Transmutation                2
   c - Spider Form                    Transmutation/Poison         3
   d - Ice Form                       Ice/Transmutation            4
   e - Blade Hands                    Transmutation                5
Comestibles
 c - 4 bread rations
 k - 2 beef jerkies
 r - 2 chunks of flesh


   Skills:
 - Level 1.0 Fighting
 - Level 2.0 Dodging
 * Level 6.6 Unarmed Combat
 - Level 2.0 Spellcasting
 - Level 2.0 Transmutations
 - Level 1.0 Poison Magic


You had 3 spell levels left.
You knew the following spells:

 Your Spells              Type           Power        Failure   Level  Hunger
a - Beastly Appendage     Trmt           #.....       10%         1    #......
b - Sticks to Snakes      Trmt           #.........   14%         2    ###....
c - Spider Form           Trmt/Pois      #.........   30%         3    ###....


Dungeon Overview and Level Annotations

Branches:
Dungeon (2/15)

Altars:
Makhleb
Yredelemnul


Innate Abilities, Weirdness & Mutations

You cannot wear most types of armour.
You are amphibious.
You can wear up to eight rings at the same time.
You can use your tentacles to constrict eight enemies at once.
Your skin changes colour to match your surroundings (Stealth).
Your rubbery body absorbs attacks (AC +1).


Message History

Increase (S)trength, (I)ntelligence, or (D)exterity?
You feel clever.
You see here a human corpse.
You butcher the human corpse.
r - 4 chunks of flesh (gained 3)
There is an open door, spattered with blood here.
You start resting.
Some of the chunks of flesh in your inventory have rotted away.
You are feeling very hungry.
Eat one of 3 chunks of flesh? (ye/n/q/i?) This raw flesh tastes terrible.
You continue eating. x2
There is a basalt altar of Yredelemnul here.
You curl up in front of the altar of Yredelemnul.
You have lost your religion!
Makhleb does not appreciate desertion!
Yredelemnul welcomes you!
Quiver which item? (- for none, * to show all) (? for menu, Esc to quit)
Okay, then.
Are you sure you want to abandon this character and quit the game? (Confirm with "yes".)

.(# #................#
..####................#
...............###....#
#.###..........#.#....#
#.# #..........#'#....#
#'###.................#
'_###.......8.#...#.8##
#'###..##+#####...####
#.# #.## #.@.# #.###..#
#...# .......# #####
#......#######
......'......#
......######.# ...#)##
...#.......#
...#######.#


There were no monsters in sight!

Vanquished Creatures
  A human (D:2)
  A human zombie (D:2)
  Ijyb (D:2)
  3 adders (D:2)
  2 giant geckos
  3 giant cockroaches
  3 hobgoblins
  5 kobolds
  A ball python (D:1)
  8 bats
  7 giant newts
  5 goblins
  6 rats
46 creatures vanquished.

Vanquished Creatures (collateral kills)
  An adder (D:2)
1 creature vanquished.

Grand Total: 47 creatures vanquished

Notes
Turn   | Place    | Note
--------------------------------------------------------------
     0 | D:1      | Hanyuu the Octopode Transmuter began the quest for the Orb.
     0 | D:1      | Reached XP level 1. HP: 13/13 MP: 3/3
   102 | D:1      | Reached XP level 2. HP: 12/18 MP: 5/5
   666 | D:1      | Reached skill level 4 in Unarmed Combat
   812 | D:1      | Reached XP level 3. HP: 21/23 MP: 6/6
   948 | D:2      | HP: 1/23 [poisoned by a kobold]
  1283 | D:2      | Found a faded altar to an unknown god.
  1300 | D:2      | Learned a level 2 spell: Sticks to Snakes
  1304 | D:2      | Learned a level 3 spell: Spider Form
  1410 | D:2      | Noticed Ijyb
  1442 | D:2      | Killed Ijyb
  1442 | D:2      | Reached XP level 4. HP: 28/28 MP: 2/7
  1514 | D:2      | Reached skill level 5 in Unarmed Combat
  1791 | D:2      | Found a burning altar of Makhleb.
  1833 | D:2      | Became a worshipper of Makhleb the Destroyer
  1869 | D:2      | Found a runed door.
  1869 | D:2      | Noticed a human
  1877 | D:2      | Reached skill level 1 in Poison Magic
  1877 | D:2      | Reached XP level 5. HP: 17/33 MP: 8/8
  2024 | D:2      | Found a basalt altar of Yredelemnul.
  2044 | D:2      | Killed a human
  2044 | D:2      | Reached skill level 6 in Unarmed Combat
  2044 | D:2      | Reached XP level 6. HP: 10/38 MP: 9/9
  2205 | D:2      | Fell from the grace of Makhleb
  2205 | D:2      | Became a worshipper of Yredelemnul the Dark
  2206 | D:2      | Quit the game

Vault maps used:
D:1:      elethiomel_arrival_quiet
D:2:      lemuel_doored_altar, ecumenical_altar_2, dk_yredelemnul_ordeal,
          uniq_iyjb

Action                   |  1- 3 |  4- 6 || total
-------------------------+-------+-------++-------
Melee: Unarmed           |    59 |    52 ||   111
 Cast: Sticks to Snakes  |     4 |     2 ||     6
       Beastly Appendage |     2 |       ||     2
 Stab: Sleeping          |     5 |       ||     5
  Eat: Chunk             |     1 |     2 ||     3
       Beef jerky        |     1 |       ||     1
